Workbook
Name _Backfill: [1]Home!$E$51
Name _Backfill: [1]Home!$E$51
Name _Backfill: [1]Home!$E$51
Name _Backfill: #REF!
Name _Benching: #REF!
Name _Benching: #REF!
Name _Benching: #REF!
Name _Benching: #REF!
Name _Brickwork: [1]Home!$E$43
Name _Brickwork: [1]Home!$E$43
Name _Brickwork: [1]Home!$E$43
Name _Brickwork: #REF!
Name _Clearing: [1]Home!$E$50
Name _Clearing: [1]Home!$E$50
Name _Clearing: [1]Home!$E$50
Name _Clearing: #REF!
Name _Client1: [1]Home!$C$2
Name _Client1: [1]Home!$C$2
Name _Client1: [1]Home!$C$2
Name _Client1: #REF!
Name _Client2: [1]Home!$C$3
Name _Client2: [1]Home!$C$3
Name _Client2: [1]Home!$C$3
Name _Client2: #REF!
Name _ContractNo: [1]Home!$C$5
Name _ContractNo: [1]Home!$C$5
Name _ContractNo: [1]Home!$C$5
Name _ContractNo: #REF!
Name _ContractPeriod: [1]Home!$C$16
Name _ContractPeriod: [1]Home!$C$16
Name _ContractPeriod: [1]Home!$C$16
Name _ContractPeriod: #REF!
Name _Description: [1]Home!$C$6
Name _Description: [1]Home!$C$6
Name _Description: [1]Home!$C$6
Name _Description: #REF!
Name _Excavation: [1]Home!$E$44
Name _Excavation: [1]Home!$E$44
Name _Excavation: [1]Home!$E$44
Name _Excavation: #REF!
Name _Expansion: [1]Home!$E$57
Name _Expansion: [1]Home!$E$57
Name _Expansion: [1]Home!$E$57
Name _Expansion: #REF!
Name _Formwork: [1]Home!$E$52
Name _Formwork: [1]Home!$E$52
Name _Formwork: [1]Home!$E$52
Name _Formwork: #REF!
Name _Gabion: [1]Home!$E$60
Name _Gabion: [1]Home!$E$60
Name _Gabion: [1]Home!$E$60
Name _Gabion: #REF!
Name _Geofabric: [1]Home!$E$55
Name _Geofabric: [1]Home!$E$55
Name _Geofabric: [1]Home!$E$55
Name _Geofabric: #REF!
Name _GPost: #REF!
Name _GPost: #REF!
Name _GPost: #REF!
Name _GPost: #REF!

Sheet C1.2
B4: SCHEDULE A: ROADWORKS
B5: RESURFACING OF HARDING STREET
B8: ITEM NO | C8: DESCRIPTION | D8: UNIT | E8: LI | F8: QUANTITY | G8: RATE | H8: AMOUNT
B10: C1.2.5 | C10: Safety
B12: C1.2.5.1 | C12: Health and safety plan (Include all COVID 19 Plan) | D12: Lump Sum | F12: 1
B14: C1.2.5.2 | C14: Implementation of health and safety plan | D14: month | F14: 0.5
B16: C1.2.8 | C16: Dayworks
B18: C1.2.8.1 | C18: Personnel
B20: (a) | C20: Unskilled labourer | D20: hour | E20: LI | F20: 160
B21: (b) | C21: Semi-skilled labourer | D21: hour | E21: LI | F21: 40
B22: (e) | C22: Foreman | D22: hour | E22: LI | F22: 40
H42: =IF(D42="","",F42*G42)
B43: C1.2 | C43: TOTAL CARRIED TO SUMMARY

Sheet C1.3
B1: Inkosi Lanagalibalele Local Municipality | F1: =C1.2!F1 -> 0
B2: KZN 237
B4: SCHEDULE A: ROADWORKS | H4: ="CHAPTER "&B10 -> CHAPTER C1.3
B5: =C1.2!B5 -> RESURFACING OF HARDING STREET
B8: ITEM NO | C8: DESCRIPTION | D8: UNIT | E8: LI | F8: QUANTITY | G8: RATE | H8: AMOUNT
H9: =IF(D9="","",F9*G9)
B10: C1.3 | C10: CONTRACTOR'S SITE ESTABLISHMENT AND GENERAL OBLIGATIONS | H10: =IF(D10="","",F10*G10)
H11: =IF(D11="","",F11*G11)
B12: C1.3.1 | C12: The Contractor's general obligations
B14: C1.3.1.1 | C14: Fixed obligations | D14: Lump Sum | F14: 1
B16: C1.3.1.3 | C16: Time-related obligations | D16: month | F16: 0.5
B61: =B10 -> C1.3 | C61: TOTAL CARRIED FORWARD TO SUMMARY

Sheet C1.5
B1: Inkosi Lanagalibalele Local Municipality | F1: =C1.3!F1 -> 0
B2: KZN 237
B4: SCHEDULE A: ROADWORKS | H4: ="CHAPTER "&B10 -> CHAPTER C1.5
B5: =C1.3!B5 -> RESURFACING OF HARDING STREET
B8: ITEM NO | C8: DESCRIPTION | D8: UNIT | E8: LI | F8: QUANTITY | G8: RATE | H8: AMOUNT
H9: =IF(D9="","",F9*G9)
B10: C1.5 | C10: ACCOMMODATION OF TRAFFIC | H10: =IF(D10="","",F10*G10)
H11: =IF(D11="","",F11*G11)
B12: C1.5.7 | C12: Temporary traffic control facilities | H12: =IF(D12="","",F12*G12)
B14: C1.5.7.1 | C14: Delineators including mounting bases and ballast: | H14: =IF(D14="","",F14*G14)
B16: (b) | C16: Double sided, reversible left or right (800x200) | D16: No | F16: 50
B18: C1.5.7.3 | C18: Flagmen | D18: man-shift | E18: LI | F18: =(4*15) -> 60
B20: C1.5.7.4 | C20: Traffic controllers | D20: man-shift | E20: LI | F20: =(2*15) -> 30
B22: C1.5.7.5 | C22: Provision of illuminated traffic signs
B24: (c) | C24: Illuminated road sign - R & TR series (1200mm) | D24: No | F24: 10
B26: (d) | C26: Illuminated road sign - TW series (1500mm) | D26: No | F26: 10
B29: C1.5.7.6 | C29: Maintenance of illimuniated traffic signs:
B31: (c) | C31: Illuminated road sign - R & TR series 1200mm | D31: month | F31: 0.5
B33: (d) | C33: Illuminated road sign - TW series (1500mm) | D33: month | F33: 0.5
B35: C1.5.12 | C35: Additional traffic accommodation facilities ordered by the Engineer:
B37: C1.5.12.1 | C37: Provision of additional traffic accomodation facilities | D37: Prov Sum | F37: 1 | G37: 50000
B39: C1.5.12.2 | C39: Handling cost, profit and all other charges in respect of item C1.5.12.1 ( must not exceed 10%) | D39: % | F39: =G37 -> 50000
B57: =$B$10 -> C1.5 | C57: TOTAL CARRIED FORWARD TO SUMMARY
B58: =Client1 -> Province of KwaZulu-Natal | F58: ="Contract No. "&ContractNo -> Contract No. ZNQ4198/436/4431/2020
B59: =Client2 -> Department of Transport
B61: C1.5.12 | C61: Additional traffic accommodation facilities ordered by the Engineer: | H61: =IF(D61="","",F61*G61)
H62: =IF(D62="","",F62*G62)
B63: C1.5.12.1 | C63: Portable Stop and Go | D63: Prov Sum | H63: =IF(D63="","",F63*G63) -> 0
B65: C1.5.12.2 | C65: Handling cost, profit and all other charges in respect of item C1.5.12.1 | D65: % | H65: =IF(D65="","",F65*G65) -> 0
B112: =B10 -> C1.5 | C112: TOTAL CARRIED FORWARD TO SUMMARY | H112: =SUM(H61:H111) -> 0

Sheet C1.7
A1: Inkosi Lanagalibalele Local Municipality | E1: ZNB00619/00000/00/EST/INF/21/T
A2: KZN 237
A4: SCHEDULE A: ROADWORKS | G4: ="CHAPTER "&A10 -> CHAPTER C1.7
A5: =C1.2!B5 -> RESURFACING OF HARDING STREET
A8: ITEM NO | B8: DESCRIPTION | C8: UNIT | D8: LI | E8: QUANTITY | F8: RATE | G8: AMOUNT
G9: =IF(C9="","",E9*F9)
A10: C1.7 | B10: LOADING AND HAULING | G10: =IF(C10="","",E10*F10)
G11: =IF(C11="","",E11*F11)
A12: C1.7.1 | B12: Loading | G12: =IF(C12="","",E12*F12)
A14: C1.7.1.2 | B14: Loading from heaps or windrows using machines and/some hand labour where necessary | C14: m3 | E14: 400
A16: C1.7.2 | B16: Hauling
A18: C1.7.2.2 | B18: Hauling material to spoil and off-loading it at a designated spoil or stockpile are:
A20: (b) | B20: Soil and gravel material | C20: m3 - km | E20: =(E14*15) -> 6000
G24: =IF(C24="","",E24*F24)
G25: =IF(C25="","",E25*F25)
G26: =IF(C26="","",E26*F26)
G27: =IF(C27="","",E27*F27)
A33: =A10 -> C1.7 | B33: TOTAL CARRIED FORWARD TO SUMMARY

Sheet C8.8
B1: Inkosi Lanagalibalele Local Municipality | F1: ZNB00619/00000/00/EST/INF/21/T
B2: KZN 237
B4: SCHEDULE A: ROADWORKS | H4: ="CHAPTER "&B11 -> CHAPTER PSC8.8
B5: =C1.2!B5 -> RESURFACING OF HARDING STREET
B8: ITEM NO | C8: DESCRIPTION | D8: UNIT | E8: LI | F8: QUANTITY | G8: RATE | H8: AMOUNT
H9: =IF(D9="","",F9*G9)
H10: =IF(D10="","",F10*G10)
B11: PSC8.8 | C11: PATCHING AND EDGE BREAK REPAIR | H11: =IF(D11="","",F11*G11)
H12: =IF(D12="","",F12*G12)
B13: PSC8.8.7 | C13: Categorised Patches
B15: PSC8.8.7.2 | C15: Category 2 – Surface and Base Patch
B17: (a) | C17: Patches less than 10m2 | D17: m2 | E17: LI | F17: 120 | G17: =F16:F17+F19 -> 700
B19: (b) | C19: Patches greater than 10m2 | D19: m2 | E19: LI | F19: 580
B21: PSC8.8.7.2 | C21: Category 3 – Surface,Base and Subbase
B23: (a) | C23: Patches less than 10m2 | D23: m2 | E23: LI | F23: 0
B25: (b) | C25: Patches greater than 10m2 | D25: m2 | E25: LI | F25: 0
H42: =IF(D42="","",F42*G42)
H43: =IF(D43="","",F43*G43)
B44: C8.8 | C44: TOTAL CARRIED FORWARD TO SUMMARY
B45: =Client1 -> Province of KwaZulu-Natal | F45: ="Contract No. "&ContractNo -> Contract No. ZNQ4198/436/4431/2020
B46: =Client2 -> Department of Transport
B48: SCHEDULE A: ROADWORKS | H48: =$H$4 -> CHAPTER PSC8.8
B49: =ContractDescription -> PROVISION OF ROUTINE AND SAFETY MAINTENANCE ON VARIOUS ROADS WITHIN THE UNDERBERG ZONE - HLANGANANI AREA OFFICE
B52: ITEM NO | C52: DESCRIPTION | D52: UNIT | E52: LI | F52: QUANTITY | G52: RATE | H52: AMOUNT
C53: TOTAL BROUGHT FORWARD | H53: =H44 -> 0
H54: =IF(D54="","",F54*G54)
B55: C3.2.4 | C55: Metal and U-PVC culverts | H55: =IF(D55="","",F55*G55)
H56: =IF(D56="","",F56*G56)
B57: C3.2.4.1 | C57: Size, wall thickness and type indicated | D57: m | H57: =IF(D57="","",F57*G57) -> 0
H58: =IF(D58="","",F58*G58)
B59: C3.2.4.2 | C59: Provision of skew or bevelled ends for metal culverts | D59: No | H59: =IF(D59="","",F59*G59) -> 0
H60: =IF(D60="","",F60*G60)
B61: C3.2.4.3 | C61: Anchor bolts (size and type indicated) | D61: No | H61: =IF(D61="","",F61*G61) -> 0
H62: =IF(D62="","",F62*G62)
B63: C3.2.4.4 | C63: Protective coating to metal culverts (culvert size; inside/outside/ both sides; coating type & thickness indicated) | D63: m | H63: =IF(D63="","",F63*G63) -> 0
H64: =IF(D64="","",F64*G64)
B65: C3.2.5 | C65: Rectangular culverts with prefabricated elements | H65: =IF(D65="","",F65*G65)
H66: =IF(D66="","",F66*G66)
B67: C3.2.5.1 | C67: Prefabricated portal culverts; wall and roof combination (size and type indicated) | D67: m | H67: =IF(D67="","",F67*G67) -> 0
H68: =IF(D68="","",F68*G68)
B69: C3.2.5.2 | C69: Prefabricated floor slabs (size and type indicated) | D69: m | H69: =IF(D69="","",F69*G69) -> 0
H70: =IF(D70="","",F70*G70)
B71: C3.2.5.3 | C71: Prefabricated roof slabs (size and type indicated) | D71: m | H71: =IF(D71="","",F71*G71) -> 0
H72: =IF(D72="","",F72*G72)
B73: C3.2.6 | C73: Extra over items C3.2.3, C3.2.4 and C3.2.5 for constructing inclined culverts | D73: m | H73: =IF(D73="","",F73*G73) -> 0
H74: =IF(D74="","",F74*G74)
B75: C3.2.7 | C75: Cast in situ concrete and formwork: | H75: =IF(D75="","",F75*G75)
H76: =IF(D76="","",F76*G76)
B77: C3.2.7.1 | C77: In Class A bedding, screeds, concrete backfill and the encasing for pipes, including formwork, (class of concrete indicated) | D77: m3 | H77: =IF(D77="","",F77*G77) -> 0
H78: =IF(D78="","",F78*G78)
B79: C3.2.7.2 | C79: In complete in situ floor slabs for rectangular culverts, manholes and catchpits including formwork, joints and Class U2 surface finish (class of concrete indicated) (installed at a standard depth of 1,0 m) | D79: m3 | H79: =IF(D79="","",F79*G79) -> 0
H80: =IF(D80="","",F80*G80)
B81: C3.2.7.3 | C81: In walls, excluding formwork but including Class U2 surface finish (class of concrete indicated) | D81: m3 | H81: =IF(D81="","",F81*G81) -> 0
H82: =IF(D82="","",F82*G82)
B83: C3.2.7.4 | C83: In roof slabs for rectangular culverts, excluding formwork but including Class U2 surfacing finish and joints (class of concrete indicated) | D83: m3 | H83: =IF(D83="","",F83*G83) -> 0
H84: =IF(D84="","",F84*G84)
B85: C3.2.7.5 | C85: In inlet and outlet structures including kerbs, chutes and downpipes, skewed ends, catchpits, manholes, thrust and anchor blocks, excluding formwork but including Class U2 surfacing finish (class of concrete indicated) | D85: m3 | H85: =IF(D85="","",F85*G85) -> 0
H86: =IF(D86="","",F86*G86)
B87: C3.2.7.6 | C87: Formwork of concrete under items C3.2.7.3 to 5 above (Class of finish indicated) | D87: m2 | H87: =IF(D87="","",F87*G87) -> 0
H88: =IF(D88="","",F88*G88)
B89: C3.2.7.7 | C89: Concrete linings for the inverts of metal culverts, including formwork and Class U2 surface finish (class of concrete indicated) | D89: m3 | H89: =IF(D89="","",F89*G89) -> 0
H90: =IF(D90="","",F90*G90)
B91: C3.2.8 | C91: Concrete backfill or encasement for culverts (Type and Class of concrete indicated) | D91: m3 | H91: =IF(D91="","",F91*G91) -> 0
H92: =IF(D92="","",F92*G92)
B93: C3.2.9 | C93: Prefabricated concrete inlets and outlets to culverts (size and type indicated) | D93: No | H93: =IF(D93="","",F93*G93) -> 0
H94: =IF(D94="","",F94*G94)
B101: =$B$10 -> 0 | C101: TOTAL CARRIED FORWARD | H101: =SUM(H45:H100) -> 0
B102: =Client1 -> Province of KwaZulu-Natal | F102: ="Contract No. "&ContractNo -> Contract No. ZNQ4198/436/4431/2020
B103: =Client2 -> Department of Transport
B105: SCHEDULE A: ROADWORKS | H105: =$H$4 -> CHAPTER PSC8.8
B106: =ContractDescription -> PROVISION OF ROUTINE AND SAFETY MAINTENANCE ON VARIOUS ROADS WITHIN THE UNDERBERG ZONE - HLANGANANI AREA OFFICE
B109: ITEM NO | C109: DESCRIPTION | D109: UNIT | E109: LI | F109: QUANTITY | G109: RATE | H109: AMOUNT
C110: TOTAL BROUGHT FORWARD | H110: =H101 -> 0
B112: C3.2.10 | C112: Reinforcement: | H112: =IF(D112="","",F112*G112)
H113: =IF(D113="","",F113*G113)
B114: C3.2.10.1 | C114: Mild steel bars | D114: t | H114: =IF(D114="","",F114*G114) -> 0
B115: . | H115: =IF(D115="","",F115*G115)
B116: C3.2.10.2 | C116: High-tensile steel bars | D116: t | H116: =IF(D116="","",F116*G116) -> 0
H117: =IF(D117="","",F117*G117)
B118: C3.2.10.3 | C118: Welded steel fabric | D118: kg | H118: =IF(D118="","",F118*G118) -> 0
H119: =IF(D119="","",F119*G119)
B120: C3.2.10.4 | C120: Other material (specify) | D120: kg | H120: =IF(D120="","",F120*G120) -> 0
H121: =IF(D121="","",F121*G121)
B122: C3.2.11 | C122: Anchoring of reinforcing steel: Reinforcing (type, bar diameter) into formed holes (hole diameter and depth stated) in (description of member) | D122: No | H122: =IF(D122="","",F122*G122) -> 0
H123: =IF(D123="","",F123*G123)
B124: C3.2.12 | C124: Demolition of concrete members or elements: | H124: =IF(D124="","",F124*G124)
H125: =IF(D125="","",F125*G125)
B126: C3.2.12.1 | C126: Full member or element (location and description) | D126: m3 | H126: =IF(D126="","",F126*G126) -> 0
H127: =IF(D127="","",F127*G127)
B128: C3.2.12.2 | C128: Partial member or element (location and description) | D128: m3 | H128: =IF(D128="","",F128*G128) -> 0
H129: =IF(D129="","",F129*G129)
B130: C3.2.13 | C130: Removing and re-laying existing culverts: | H130: =IF(D130="","",F130*G130)
H131: =IF(D131="","",F131*G131)
B132: C3.2.13.1 | C132: Removing and stacking existing culverts for re-use (size and type indicated) | D132: m | H132: =IF(D132="","",F132*G132) -> 0
H133: =IF(D133="","",F133*G133)
B134: C3.2.13.2 | C134: Removing and re-laying existing culverts without stacking (size and type of bedding indicated) | D134: m | H134: =IF(D134="","",F134*G134) -> 0
H135: =IF(D135="","",F135*G135)
B136: C3.2.13.3 | C136: Re-laying existing culverts from stacking (size and type of bedding indicated) | H136: =IF(D136="","",F136*G136)
H137: =IF(D137="","",F137*G137)
B138: C3.2.14 | C138: Protective mastic asphalt coating for corrugated metal culvert units (state whether to be applied by brush or by spray gun) | D138: m2 | H138: =IF(D138="","",F138*G138) -> 0
...

Sheet C9.1
A1: Inkosi Lanagalibalele Local Municipality
A2: KZN 237
A4: SCHEDULE A: ROADWORKS
A5: =C1.2!B5 -> RESURFACING OF HARDING STREET
A8: ITEM NO | B8: DESCRIPTION | C8: UNIT | D8: LI | E8: QUANTITY | F8: RATE | G8: AMOUNT
G9: =IF(C9="","",E9*F9)
A10: C9.1 | B10: ASPHALT LAYERS | G10: =IF(C10="","",E10*F10)
G11: =IF(C11="","",E11*F11)
A13: C9.1.3 | B13: Application of bond coat
A15: C9.1.3.1 | B15: Stable grade 30% net bitumen emulsion as specified. Applied with a calibrated distributer | C15: ℓ | E15: 6500
A17: C9.1.5 | B17: Asphalt surfacing
A19: C9.1.5.2 | B19: Rehabilitation
A21: (a) | B21: Stone skeletal mix - continuously graded as defined (30mm layer thickness, binder type, design class/level and placing technique) | C21: t | E21: =(1000*20*0.03)*2.5 -> 1500
A40: =A10 -> C9.1 | B40: TOTAL CARRIED FORWARD TO SUMMARY

Sheet C11.6
B1: Inkosi Lanagalibalele Local Municipality
B2: KZN 237
B4: SCHEDULE A: ROADWORKS | H4: ="CHAPTER "&B10 -> CHAPTER C11.7
B5: =C8.8!B5 -> RESURFACING OF HARDING STREET
B8: ITEM NO | C8: DESCRIPTION | D8: UNIT | E8: LI | F8: QUANTITY | G8: RATE | H8: AMOUNT
H9: =IF(D9="","",F9*G9)
B10: C11.7 | C10: ROAD MARKINGS AND ROAD STUDS | H10: =IF(D10="","",F10*G10)
H11: =IF(D11="","",F11*G11)
B12: C11.7.1 | C12: Retro-reflective road marking: | H12: =IF(D12="","",F12*G12)
B14: C11.7.1.1 | C14: White lines broken or unbroken (Retro-reflective paint and 100mm) | D14: km | F14: 1
B17: C11.7.7 | C17: Road studs
B19: C11.7.7.1 | C19: Permanent road studs compliant to SANS 1442 (Cat eye, all colours) | D19: No | E19: LI | F19: 75
B38: =$B$10 -> C11.7 | C38: TOTAL CARRIED FORWARD
B39: =Client1 -> Province of KwaZulu-Natal | F39: ="Contract No. "&ContractNo -> Contract No. ZNQ4198/436/4431/2020
B40: =Client2 -> Department of Transport
B42: SCHEDULE A: ROADWORKS | H42: =$H$4 -> CHAPTER C11.7
B43: =ContractDescription -> PROVISION OF ROUTINE AND SAFETY MAINTENANCE ON VARIOUS ROADS WITHIN THE UNDERBERG ZONE - HLANGANANI AREA OFFICE
B46: ITEM NO | C46: DESCRIPTION | D46: UNIT | F46: QUANTITY | G46: RATE | H46: AMOUNT
C47: TOTAL BROUGHT FORWARD | H47: =H38 -> 0
H48: =IF(D48="","",F48*G48)
B49: C11.7.2 | C49: Retro-reflective road marking: | H49: =IF(D49="","",F49*G49)
H50: =IF(D50="","",F50*G50)
B51: C11.7.2.1 | C51: White lines broken or unbroken (paint type and width of line indicated) | D51: km | H51: =IF(D51="","",F51*G51) -> 0
H52: =IF(D52="","",F52*G52)
B53: C11.7.2.2 | C53: Yellow lines broken or unbroken (paint type and width of line indicated) | D53: km | H53: =IF(D53="","",F53*G53) -> 0
H54: =IF(D54="","",F54*G54)
B55: C11.7.2.3 | C55: Red lines broken or unbroken (paint type and width of line indicated) | D55: km | H55: =IF(D55="","",F55*G55) -> 0
H56: =IF(D56="","",F56*G56)
B57: C11.7.2.4 | C57: White lettering and symbols (paint type indicated) | D57: m² | H57: =IF(D57="","",F57*G57) -> 0
H58: =IF(D58="","",F58*G58)
B59: C11.7.2.5 | C59: Yellow lettering and symbols (paint type indicated) | D59: m² | H59: =IF(D59="","",F59*G59) -> 0
B61: C11.7.2.6 | C61: Red lettering and symbols (paint type indicated) | D61: m² | H61: =IF(D61="","",F61*G61) -> 0
H62: =IF(D62="","",F62*G62)
B63: C11.7.2.7 | C63: Transverse lines, painted island and arrestor bed markings (any colour) (paint type indicated) | D63: m² | H63: =IF(D63="","",F63*G63) -> 0
H64: =IF(D64="","",F64*G64)
B65: C11.7.2.8 | C65: Hand painted white lines broken or unbroken (paint type and width of line indicated) | D65: km | H65: =IF(D65="","",F65*G65) -> 0
H66: =IF(D66="","",F66*G66)
B67: C11.7.2.9 | C67: Hand painted yellow lines broken or unbroken (paint type and width of line indicated) | D67: km | H67: =IF(D67="","",F67*G67) -> 0
H68: =IF(D68="","",F68*G68)
B69: C11.7.2.10 | C69: Hand painted red lines broken or unbroken (paint type and width of line indicated) | D69: km | H69: =IF(D69="","",F69*G69) -> 0
H70: =IF(D70="","",F70*G70)
B71: C11.7.2.11 | C71: Hand painted white lettering and symbols (paint type indicated) | D71: m² | H71: =IF(D71="","",F71*G71) -> 0
H72: =IF(D72="","",F72*G72)
B73: C11.7.2.12 | C73: Hand painted yellow lettering and symbols (paint type indicated) | D73: m² | H73: =IF(D73="","",F73*G73) -> 0
H74: =IF(D74="","",F74*G74)
B75: C11.7.2.13 | C75: Hand painted transverse lines, painted island and arrestor bed markings (any colour) (paint type indicated) | D75: m² | H75: =IF(D75="","",F75*G75) -> 0
H76: =IF(D76="","",F76*G76)
B77: C11.7.2.14 | C77: Hand operated pressure applied machine white lines broken or unbroken (paint type and width of line indicated) | D77: km | H77: =IF(D77="","",F77*G77) -> 0
H78: =IF(D78="","",F78*G78)
B79: C11.7.2.15 | C79: Hand operated pressure applied machine yellow lines broken or unbroken (paint type and width of line indicated) | D79: km | H79: =IF(D79="","",F79*G79) -> 0
H80: =IF(D80="","",F80*G80)
B81: C11.7.2.16 | C81: Hand operated pressure applied machine red lines broken or unbroken (paint type and width of line indicated) | D81: km | H81: =IF(D81="","",F81*G81) -> 0
H82: =IF(D82="","",F82*G82)
B83: C11.7.2.17 | C83: Hand operated pressure applied machine white lettering and symbols (paint type indicated) | D83: m² | H83: =IF(D83="","",F83*G83) -> 0
H84: =IF(D84="","",F84*G84)
B85: C11.7.2.18 | C85: Hand operated pressure applied machine yellow lettering and symbols (paint type indicated) | D85: m² | H85: =IF(D85="","",F85*G85) -> 0
H86: =IF(D86="","",F86*G86)
B87: C11.7.2.19 | C87: Hand operated pressure applied machine transverse lines, painted island and arrestor bed markings (any colour) (paint type indicated) | D87: m² | H87: =IF(D87="","",F87*G87) -> 0
H92: =IF(D92="","",F92*G92)
B94: =$B$10 -> C11.7 | C94: TOTAL CARRIED FORWARD | H94: =SUM(H47:H93) -> 0
B95: =Client1 -> Province of KwaZulu-Natal | F95: ="Contract No. "&ContractNo -> Contract No. ZNQ4198/436/4431/2020
B96: =Client2 -> Department of Transport
B98: SCHEDULE A: ROADWORKS | H98: =$H$4 -> CHAPTER C11.7
B99: =ContractDescription -> PROVISION OF ROUTINE AND SAFETY MAINTENANCE ON VARIOUS ROADS WITHIN THE UNDERBERG ZONE - HLANGANANI AREA OFFICE
B102: ITEM NO | C102: DESCRIPTION | D102: UNIT | F102: QUANTITY | G102: RATE | H102: AMOUNT
C103: TOTAL BROUGHT FORWARD | H103: =H94 -> 0
B105: C11.7.3 | C105: Thermoplastic road marking | H105: =IF(D105="","",F105*G105)
H106: =IF(D106="","",F106*G106)
B107: C11.7.3.1 | C107: Thermoplastic road marking, broken or unbroken (colour and width of line indicated): | D107: km | H107: =IF(D107="","",F107*G107) -> 0
H108: =IF(D108="","",F108*G108)
B109: C11.7.3.2 | C109: Performance based thermoplastic road marking, broken or unbroken (colour and width of line indicated): | D109: km | H109: =IF(D109="","",F109*G109) -> 0
H110: =IF(D110="","",F110*G110)
B111: C11.7.3.3 | C111: Reduced payment for thermoplastic road marking, white lines, broken or unbroken (width of line indicated): | D111: km | H111: =IF(D111="","",F111*G111) -> 0
H112: =IF(D112="","",F112*G112)
B113: C11.7.3.4 | C113: Reduced payment for thermoplastic road marking, yellow lines, broken or unbroken (width of line indicated): | D113: km | H113: =IF(D113="","",F113*G113) -> 0
H114: =IF(D114="","",F114*G114)
B115: C11.7.4 | C115: Cold plastic road marking material | H115: =IF(D115="","",F115*G115)
H116: =IF(D116="","",F116*G116)
B117: C11.7.4.1 | C117: White lettering and symbols | D117: m² | H117: =IF(D117="","",F117*G117) -> 0
B119: C11.7.4.2 | C119: Yellow lettering and symbols | D119: m²
H120: =IF(D120="","",F120*G120)
B121: C11.7.4.3 | C121: Red lettering and symbols | D121: m³ | H121: =IF(D121="","",F121*G121) -> 0
H122: =IF(D122="","",F122*G122)
B123: C11.7.4.4 | C123: Transverse lines, painted island and arrestor bed markings (any colour) | D123: m² | H123: =IF(D123="","",F123*G123) -> 0
H124: =IF(D124="","",F124*G124)
B125: C11.7.5 | C125: Variations in rate of application: | H125: =IF(D125="","",F125*G125)
H126: =IF(D126="","",F126*G126)
B127: C11.7.5.1 | C127: White paint | D127: l | H127: =IF(D127="","",F127*G127) -> 0
H128: =IF(D128="","",F128*G128)
B129: C11.7.5.2 | C129: Yellow paint | D129: l | H129: =IF(D129="","",F129*G129) -> 0
H130: =IF(D130="","",F130*G130)
B131: C11.7.5.3 | C131: Red paint | D131: l | H131: =IF(D131="","",F131*G131) -> 0
H132: =IF(D132="","",F132*G132)
B133: C11.7.5.4 | C133: Retro-reflective beads | D133: kg | H133: =IF(D133="","",F133*G133) -> 0
H134: =IF(D134="","",F134*G134)
B135: C11.7.5.5 | C135: Thermoplastic material, all colours | D135: kg | H135: =IF(D135="","",F135*G135) -> 0
H136: =IF(D136="","",F136*G136)
B137: C11.7.5.6 | C137: Cold plastic marking material, all colours | D137: kg | H137: =IF(D137="","",F137*G137) -> 0
H138: =IF(D138="","",F138*G138)
B139: C11.7.6 | C139: Pre formed road marking tape | H139: =IF(D139="","",F139*G139)
...

Sheet A
B1: Inkosi Lanagalibalele Local Municipality
B2: KZN 237
B4: =C1.2!B5 -> RESURFACING OF HARDING STREET
B7: SCHEDULE A: ROADWORKS - SUMMARY
B8: CHAPTER | C8: DESCRIPTION | F8: FROM PAGE | G8: AMOUNT
B9: =[2]C1.2!B10 -> C1.2 | C9: =[2]C1.2!C10 -> GENERAL REQUIREMENTS AND PAYMENT | G9: =C1.2!H43 -> 0
B10: =[2]C1.3!B10 -> C1.3 | C10: =[2]C1.3!C10 -> CONTRACTOR'S SITE ESTABLISHMENT AND GENERAL OBLIGATIONS | D10: =[2]C1.3!D10 -> 0 | E10: =[2]C1.3!E10 -> 0 | G10: =C1.3!H61 -> 0
B11: =[2]C1.5!B10 -> C1.5 | C11: =[2]C1.5!C10 -> ACCOMMODATION OF TRAFFIC | D11: =[2]C1.5!D10 -> 0 | E11: =[2]C1.5!E10 -> 0 | G11: =C1.5!H57 -> 0
B12: C1.7 | C12: =C1.7!B10 -> LOADING AND HAULING | G12: =C1.7!G33 -> 0
B13: C8.8 | C13: =C8.8!C11 -> PATCHING AND EDGE BREAK REPAIR | D13: =[2]C3.2!D10 -> 0 | E13: =[2]C3.2!E10 -> 0 | G13: =C8.8!H44 -> 0
B14: C9.1 | C14: ASPHALT LAYERS | H14: =C9.1!G40 -> 0
B15: C11.7 | C15: =[5]C11.7!C10 -> ROAD MARKINGS AND ROAD STUDS | D15: =[2]C11.9!D11 -> 0 | E15: =[2]C11.9!E11 -> 0 | G15: =C11.6!H38 -> 0
B38: TOTAL SCHEDULE A: ROADWORKS

Sheet Section F
B1: =Client1 -> Province of KwaZulu-Natal | F1: ="Contract No. "&ContractNo -> Contract No. ZNQ4198/436/4431/2020
B2: =Client2 -> Department of Transport
B4: SCHEDULE A: ROADWORKS | H4: ="CHAPTER "&B10 -> CHAPTER F1
B5: =ContractDescription -> PROVISION OF ROUTINE AND SAFETY MAINTENANCE ON VARIOUS ROADS WITHIN THE UNDERBERG ZONE - HLANGANANI AREA OFFICE
B8: ITEM NO | C8: DESCRIPTION | D8: UNIT | E8: LI | F8: QUANTITY | G8: RATE | H8: AMOUNT
H9: =IF(D9="","",F9*G9)
B10: F1 | C10: EXPANDED PUBLIC WORKS PROGRAMME (EPWP) | H10: =IF(D10="","",F10*G10)
H11: =IF(D11="","",F11*G11)
B12: F5.01 | C12: Provision of training venue facility, including the cost of transport the learners to and from this facility | D12: Lump Sum | H12: =IF(D12="","",F12*G12) -> 0
H13: =IF(D13="","",F13*G13)
B14: F5.02 | C14: Training of learners employed by main contractor: | H14: =IF(D14="","",F14*G14)
H15: =IF(D15="","",F15*G15)
B16: (a) | C16: Generic Skills: | H16: =IF(D16="","",F16*G16)
H17: =IF(D17="","",F17*G17)
B18: (a.i) | C18: Training costs | D18: Prov Sum | H18: =IF(D18="","",F18*G18) -> 0
H19: =IF(D19="","",F19*G19)
B20: (a.ii) | C20: Handling costs and profit in respect of subitem F5.02(a)(i) above. | D20: % | H20: =IF(D20="","",F20*G20) -> 0
H21: =IF(D21="","",F21*G21)
B22: (b) | C22: Entrepreneurial skills: | H22: =IF(D22="","",F22*G22)
H23: =IF(D23="","",F23*G23)
B24: (b.i) | C24: Training costs | D24: Prov Sum | H24: =IF(D24="","",F24*G24) -> 0
H25: =IF(D25="","",F25*G25)
B26: (b.ii) | C26: Handling costs and profit in respect of subitem F5.02(b)(i) above. | D26: % | H26: =IF(D26="","",F26*G26) -> 0
H27: =IF(D27="","",F27*G27)
B28: (c) | C28: Construction skills: | H28: =IF(D28="","",F28*G28)
H29: =IF(D29="","",F29*G29)
B30: (c.i) | C30: Training costs | D30: Prov Sum | H30: =IF(D30="","",F30*G30) -> 0
H31: =IF(D31="","",F31*G31)
B32: (c.ii) | C32: Handling costs and profit in respect of subitem F5.02(c)(i) above. | D32: % | H32: =IF(D32="","",F32*G32) -> 0
H33: =IF(D33="","",F33*G33)
B34: (d) | C34: Transportation & accommodation costs of selected leaners, while receiving off-site training: | H34: =IF(D34="","",F34*G34)
H35: =IF(D35="","",F35*G35)
B36: (d.i) | C36: Training costs | D36: Prov Sum | H36: =IF(D36="","",F36*G36) -> 0
H37: =IF(D37="","",F37*G37)
B38: (d.ii) | C38: Handling costs and profit in respect of subitem F5.02(d)(i) above. | D38: % | H38: =IF(D38="","",F38*G38) -> 0
H39: =IF(D39="","",F39*G39)
B40: F5.03 | C40: Payments associated with the NYS programme only: | H40: =IF(D40="","",F40*G40)
H41: =IF(D41="","",F41*G41)
B42: (a) | C42: Employment of NYS youth workers | D42: Prime Cost | H42: =IF(D42="","",F42*G42) -> 0
H43: =IF(D43="","",F43*G43)
B44: (b) | C44: Provision of tools and apparel for the NYS workers | D44: Prime Cost | H44: =IF(D44="","",F44*G44) -> 0
H45: =IF(D45="","",F45*G45)
B46: (c) | C46: Handling cost and profit in respect of subitem F5.03(a) and (b) above | D46: % | H46: =IF(D46="","",F46*G46) -> 0
H47: =IF(D47="","",F47*G47)
B48: (d) | C48: Training of NYS youth workers: | H48: =IF(D48="","",F48*G48)
H49: =IF(D49="","",F49*G49)
B50: (d.i) | C50: Provision of training for NYS youth workers | D50: Prime Cost | H50: =IF(D50="","",F50*G50) -> 0
H51: =IF(D51="","",F51*G51)
B52: (d.ii) | C52: Handling costs and profit in respect of subitem subitem F5.03(d)(i) above | D52: % | H52: =IF(D52="","",F52*G52) -> 0
H53: =IF(D53="","",F53*G53)
B54: (e) | C54: Liaison with the Employer’s project manager and the training service provider: | H54: =IF(D54="","",F54*G54)
H55: =IF(D55="","",F55*G55)
B56: (e.i) | C56: Liaison conducted by the Construction Manager | D56: hr | H56: =IF(D56="","",F56*G56) -> 0
H57: =IF(D57="","",F57*G57)
B58: (e.ii) | C58: Liaison conducted by senior site foreman | D58: hr | H58: =IF(D58="","",F58*G58) -> 0
H59: =IF(D59="","",F59*G59)
B60: (f) | C60: EPWP Branding (refer to spec) | H60: =IF(D60="","",F60*G60)
H61: =IF(D61="","",F61*G61)
B62: (f.i) | C62: Prime cost sum for EPWP branding | D62: Prime Cost | H62: =IF(D62="","",F62*G62) -> 0
H63: =IF(D63="","",F63*G63)
B64: (f.ii) | C64: Handling costs and profit in respect of sub item F5.03(f)(i) above | D64: % | H64: =IF(D64="","",F64*G64) -> 0
H65: =IF(D65="","",F65*G65)
H66: =IF(D66="","",F66*G66)
B67: =$B$10 -> F1 | C67: TOTAL CARRIED FORWARD TO SUMMARY | H67: =SUM(H9:H66) -> 0

Sheet F
B1: =Client1 -> Province of KwaZulu-Natal | F1: ="Contract No. "&ContractNo -> Contract No. ZNQ4198/436/4431/2020
B2: =Client2 -> Department of Transport
B4: =ContractDescription -> PROVISION OF ROUTINE AND SAFETY MAINTENANCE ON VARIOUS ROADS WITHIN THE UNDERBERG ZONE - HLANGANANI AREA OFFICE
B7: SCHEDULE F: EXPANDED PUBLIC WORKS PROGRAMME (EPWP) - SUMMARY
B8: CHAPTER | C8: DESCRIPTION | F8: FROM PAGE | G8: AMOUNT
B9: ='Section F'!B10 -> F1 | C9: ='Section F'!C10 -> EXPANDED PUBLIC WORKS PROGRAMME (EPWP) | G9: ='Section F'!H67 -> 0
B69: TOTAL SCHEDULE F: EXPANDED PUBLIC WORKS PROGRAMME (EPWP) | G69: =SUM(G9:H68) -> 0

Sheet Summary
B1: Inkosi Lanagalibalele Local Municipality
B2: KZN 237
B4: =C1.2!B5 -> RESURFACING OF HARDING STREET
B7: C2.3 SUMMARY OF BILL OF QUANTITIES
B8: SCHEDULE | F8: FROM PAGE | G8: AMOUNT
B9: =[2]A!B140 -> TOTAL SCHEDULE A: ROADWORKS | G9: =A!G38 -> 0
B13: SUBTOTAL 1
B14: ="CONTINGENCIES ("&TEXT(J14,"5%")&" of Subtotal 1)" -> CONTINGENCIES (5% of Subtotal 1) | J14: 0.05
B15: SUBTOTAL 2
B16: ="CONTRACT PRICE ADJUSTMENT AND RISE & FALL ("&TEXT(J16,"5%")&" of Subtotal 2)" -> CONTRACT PRICE ADJUSTMENT AND RISE & FALL (5% of Subtotal 2) | J16: 0.05
B17: SUBTOTAL 3
B18: VAT (15% of Subtotal 2) | J18: 0.15
B19: TOTAL CARRIED FORWARD TO FORM OF OFFER
B21: Signed on behalf of the Tenderer: ……………………………………………………. (Signature) Date: ………………………………………………….. Tenderer’s Name: ………………………………………………………………. (Company Name)
B25: DISCLAIMER
B26: Kindly note that the responsibility lies with Tenderer to check the tender document and the tender addenda (if issued) to verify that all the information is correct and all changes have been incorporated as no claims will be entertained in this regard afterwards. Accordingly, we confirm that the hard copies of the original tender document and the tender addenda are to be regarded to contain the correct items and quantities.
B27: Compiler
B30: Name: ………………………………………………………………….
B32: Signature………………………………………………………………
B34: Date…………………………………….

Sheet asessment sheet
A2: CONTRACTOR'S NAME | C2: TBA
A3: ROAD NUMBER | C3: D184 | D3: P304
A5: No | B5: Km Chainage | C5: Date | D5: Cat (1, 2 or 3) | E5: Left | F5: Centre | G5: Right | H5: 0-2m2 | I5: 2-10m2 | J5: 10-100m2 | K5: >100m2 | L5: Length | M5: Breadth | N5: Area (m²)
B6: 5+700 | D6: 2 | E6: x | F6: x | G6: x | K6: =N6 -> 197.47 | L6: 21.7 | M6: 9.1 | N6: =L6*M6 -> 197.47 | P6: Cat 1
B7: 7+400 | D7: 1 | E7: x | H7: =N7 -> 0.7 | L7: 1 | M7: 0.7 | N7: =L7*M7 -> 0.7 | P7: 0-2m2 | R7: =H7+H18+H9 -> 1.89
B8: 7+500 | D8: 1 | G8: x | K8: =N8 -> 125.12 | L8: 13.6 | M8: 9.2 | N8: =L8*M8 -> 125.12 | P8: 2-10m2 | R8: 0
B9: 10+700 | D9: 1 | G9: x | H9: =N9 -> 0.63 | L9: 0.7 | M9: 0.9 | N9: =L9*M9 -> 0.63 | P9: 10-100m2 | R9: =J10+J11+J12 -> 43.5
B10: 11+100 | D10: 1 | G10: x | J10: =N10 -> 13.2 | L10: 12 | M10: 1.1 | N10: =L10*M10 -> 13.2 | P10: >100m2 | R10: =K8+K25 -> 4125.12
B11: 11+200 | D11: 1 | E11: x | J11: =N11 -> 16.8 | L11: 14 | M11: 1.2 | N11: =L11*M11 -> 16.8
B12: 11+300 | D12: 1 | G12: x | J12: =N12 -> 13.5 | L12: 9 | M12: 1.5 | N12: =L12*M12 -> 13.5
B13: 11+400 | D13: 2 | E13: x | I13: =N13 -> 9.6 | L13: 1.2 | M13: 8 | N13: =L13*M13 -> 9.6 | P13: Cat 2
B14: 11+500 | D14: 2 | E14: x | K14: =N14 -> 785.6 | L14: 98.2 | M14: 8 | N14: =L14*M14 -> 785.6 | P14: 0-2m2 | R14: 0
B15: 11+600 | D15: 2 | E15: x | K15: =N15 -> 665.6 | L15: 83.2 | M15: 8 | N15: =L15*M15 -> 665.6 | P15: 2-10m2 | R15: =I13 -> 9.6
B16: 11+900 | D16: 2 | E16: x | K16: =N16 -> 390 | L16: 50 | M16: 7.8 | N16: =L16*M16 -> 390 | P16: 10-100m2 | R16: =J19+J22 -> 72.8
B17: 12+100 | D17: 2 | E17: x | K17: =N17 -> 355.6 | L17: 50.8 | M17: 7 | N17: =L17*M17 -> 355.6 | P17: >100m2 | R17: =K6+K14+K15+K16+K17+K23 -> 3094.27
B18: 12+400 | D18: 1 | F18: x | H18: =N18 -> 0.56 | L18: 0.8 | M18: 0.7 | N18: =L18*M18 -> 0.56 | P18: edge break | R18: =N20+N21+N24 -> 278.1
B19: 12+500 | D19: 2 | E19: x | J19: =N19 -> 38.4 | L19: 32 | M19: 1.2 | N19: =L19*M19 -> 38.4
B20: 12+600 | D20: edge break | E20: x | J20: =N20 -> 37.8 | L20: 42 | M20: 0.9 | N20: =L20*M20 -> 37.8
B21: 12+800 | D21: edge break | G21: x | L21: 7 | M21: 0.9 | N21: =L21*M21 -> 6.3 | P21: WORKING SCHEDULE
D22: 2 | G22: x | J22: =N22 -> 34.4 | L22: 16 | M22: 2.15 | N22: =L22*M22 -> 34.4
D23: 2 | G23: x | K23: =N23 -> 700 | L23: 87.5 | M23: 8 | N23: =L23*M23 -> 700 | P23: Cat 1
B24: 13+200 | D24: edge break | G24: x | K24: =N24 -> 234 | L24: 300 | M24: 0.78 | N24: =L24*M24 -> 234 | P24: 0-2m2 | R24: =R7*1.1 -> 2.079 | V24: =R32+R33+R34 -> 3494.337
B25: 14+500 | D25: 1 | E25: x | F25: x | G25: x | K25: =N25 -> 4000 | L25: 500 | M25: 8 | N25: =L25*M25 -> 4000 | P25: 2-10m2 | R25: =R8*1.1 -> 0
P26: 10-100m2 | R26: =R9*1.1 -> 47.85 | V26: =R26+R27+R35 -> 4891.392
P27: >100m2 | R27: =R10*1.1 -> 4537.632 | V27: =R33+R34 -> 3483.777
P30: Cat 2
P31: 0-2m2 | R31: =R14*1.1 -> 0
P32: 2-10m2 | R32: =R15*1.1 -> 10.56
P33: 10-100m2 | R33: =R16*1.1 -> 80.08
P34: >100m2 | R34: =R17*1.1 -> 3403.697
P35: edge break | R35: =R18*1.1 -> 305.91
N76: =L76*M76 -> 0
N77: =L77*M77 -> 0 | O77: =N79+N13 -> 9.6
N78: =L78*M78 -> 0
N79: =L79*M79 -> 0 | O79: =N77+N80 -> 0
N80: =L80*M80 -> 0
N81: =L81*M81 -> 0
N82: =L82*M82 -> 0
N83: =L83*M83 -> 0
N84: =L84*M84 -> 0
F86: TOTALS | H86: =SUM(H6:H85) -> 1.89 | I86: =SUM(I6:I85) -> 9.6 | J86: =SUM(J6:J85) -> 154.1 | K86: =SUM(K6:K85) -> 7453.39 | N86: =SUM(N6:N85) -> 7625.28
I88: CHECK
B89: Note: Approximateley 10% added output to allow for time of asessment and time of implementation | I89: =N86 -> 7625.28 | K89: =N86-I89 -> 0
L90: =I89 -> 7625.28 | M90: =L90-N86 -> 0
B93: CHECKED BY | I93: VERIFIED BY:
B95: DOT OFFICIAL | I95: REGISTERED TECHNICIAN

Sheet Calculations Sum
B3: CALCULATION SHEET
D4: Project Name: | E4: Blacktop Patching and Light Rehab on P304 | G4: Sheet: | H4: 1 of 1
D5: Calculations By: | E5: Mr. N Mthembu | G5: Date: | H5: =TODAY() -> 44470
D6: Checked By: | E6: Mr. D.N. Miller (Pr. Techni Eng) | G6: Length (m) | H6: 4000
B7: Input | C7: Description | D7: Calculations | G7: Output
D8: ACCOMMODATION OF TRAFFIC
B9: B13.04 | C9: Supply EPWP branded overalls and safety boots for local workers | D9: Assume PPE for 10 workers @ R 500.00 each. | E9: 10 | F9: 500 | G9: =E9*F9 -> 5000 | H9: Prov Sum
D10: Months | E10: People | F10: Days | G10: Qty | H10: Unit
B11: C1.5.7.3 | C11: Flagmen | D11: 6 | E11: 2 | F11: 22 | G11: =D11*E11*F11 -> 264 | H11: man-shift
B13: C1.5.7.4 | C13: Traffic controllers | D13: 6 | E13: 2 | F13: 22 | G13: =D13*E13*F13 -> 264 | H13: man-shift
D14: Notes | E14: Dimension | F14: No. | G14: Qty | H14: Unit
B15: C1.5.7.5(c) | C15: Illuminated road sign - R & TR series (1200mm) | D15: TR Series | E15: 1200mm | F15: 8 | G15: 8 | H15: No.
B16: (d) | C16: Illuminated road sign - TW series (1500mm) | D16: TW Series | E16: 1500mm | F16: 8 | G16: 8 | H16: No.
D17: Maintenance of illimuniated traffic signs:
D18: Notes | E18: Dimension | F18: No | G18: Qty | H18: Unit
B19: C1.5.7.6 (c) | C19: Illuminated road sign - R & TR series 1200mm | E19: 1200 | F19: 6 | G19: 6 | H19: Month
B20: (d) | C20: Illuminated road sign - TW series (1500mm) | E20: 1500 | F20: 6 | G20: 6 | H20: Month
D21: CLEARING AND GRUBBING
D22: Notes | E22: Breadth | F22: Length | G22: Qty | H22: Unit
B23: C1.6.1.1 | C23: Clearing with machines and some hand labour where necessary | D23: Length x 2m width x 10% x2 for both sides | E23: 2 | F23: 4000 | G23: =(E23*F23*1.1)/10000 -> 0.88 | H23: Ha
D24: LOADING AND HAULING
D25: Notes | E25: Area | F25: Depth | G25: Qty | H25: Unit
B26: C1.7.1.2 | C26: Loading from heaps or windrows using machines and/some hand labour where necessary | D26: 70% Bulking factor | E26: ='asessment sheet'!V24 -> 3494.337 | F26: 0.15 | G26: =E26*F26*1.7 -> 891.05593 | H26: m3
B27: C1.7.2.2 | C27: Hauling material to spoil and off-loading it at a designated spoil or stockpile are: | D27: 12km to spoil site | E27: =E26 -> 3494.337 | F27: 0.15 | G27: =E27*F27*12 -> 6289.8066 | H27: m3/km
D28: RECONSTRUCTION OF PAVEMENT LAYERS
D29: Reconstruction preparatory work, Undivided carraigeway:
D30: Notes | E30: Length (Km) | F30: Width (m) | G30: Qty | H30: Unit
B31: (a) | C31: Uniform section from km 18+400 to km 18+697,5 | E31: 1000 | F31: 6 | G31: =E31 -> 1000 | H31: km
D32: Notes | E32: Volume | F32: Number | G32: Qty | H32: Unit
B33: 17.02 | C33: Clearing and grubbing at inlets and outlets of hydraulic structures | D33: Number of structures x Estimated surface area | E33: 4.5 | F33: 20 | G33: =E33*F33 -> 90 | H33: m2
D35: Length (m) | E35: Depth (m) | F35: Width (m) | G35: Qty | H35: Unit
B36: 22.01 | C36: Excavating soft material | D36: =G44 -> 0 | E36: 1.3 | F36: 0.75 | G36: 0 | H36: m³
D37: Notes | E37: Total Volume | F37: % | G37: Qty | H37: Unit
B38: 22,01 (b) | C38: Extra over subitem 22.01(a) | D38: Assume % of total volume is hard | E38: =G36 -> 0 | F38: 0.4 | G38: =E38*F38 -> 0 | H38: m³
D39: Length (m) | E39: Depth (m) | F39: Width (m) | G39: Qty | H39: Unit
B40: 22.02 | C40: Using excavated material | D40: =G44 -> 0 | E40: 0.7 | F40: 0.75 | G40: 0 | H40: m³
D41: Notes | E41: Total Volume | F41: % | G41: Qty | H41: Unit
B42: 22,02 (b) | C42: Using imported selected material | D42: % of total volume | E42: =G40 -> 0 | F42: 0.7 | G42: =E42*F42 -> 0 | H42: m³
D43: Notes | E43: No. of Crossings | F43: Length/Crossing | G43: Qty | H43: Unit
B45: (b) | C45: Uniform section from km 19+800 to km 20+090 | E45: 0 | F45: 4 | G45: 0.29 | H45: km
B46: (c) | C46: Additional uniform sections | E46: 0 | F46: 4 | G46: 0.469 | H46: km
D47: Notes | E47: Length(m) | F47: width (m) | G47: Qty | H47: Unit
B48: C5.5.9 | C48: Temporarily blading layer material to windrow | D48: Loose material bulking thickness @0,214 | E48: 1000 | F48: 6 | G48: =E48*F48*0.214 -> 1284 | H48: m3
D49: Roller-pass compaction of an exposed pavement layer
D50: Notes | E50: Length(m) | F50: width (m) | G50: Qty | H50: Unit
B51: C5.5.10.1 | C51: Smooth drum vibratory rollers | E51: 1000 | F51: 8 | G51: =E51*F51 -> 8000 | H51: m2
B52: C5.5.11 | C52: Watering the exposed pavement layer | D52: watering at 0.3mℓ/m2 | E52: 1000 | F52: 8 | G52: =E52*F52*0.3 -> 2400 | H52: Kℓ
D53: ASPHALT LAYERS
D54: Notes | E54: Length(m) | F54: width (m) | G54: Qty | H54: Unit
B55: C9.1.5.1 | C55: Stone skeletal mix - continuously graded as defined (40mm thick, medium grade asphalt, using 60/70 pen-bit to surface with a paver) | D55: wearing course | E55: 1000 | F55: 8 | G55: =E55*F55 -> 8000 | H55: m2
B56: C9.1.10.6 | C56: Bituminous bond coat - 1ℓ/m2 of 60% Anionic Bitumen emulsion | D56: 0.1 litre = 0.1 kg | E56: 1000 | F56: 8 | G56: =(E56*F56*0.6)/1000 -> 4.8 | H56: t
C58: SEE ASESSMENT SHEET FOR SECTION 8,8
B67: Compiled By: | F67: Checked By:
B69: Name: | C69: N. Mthembu | F69: Name: | G69: N. Miller
B71: Signature: | C71: ………………………………………………. | F71: Signature: | G71: ………………………………….
B73: Date: | C73: 44305 | F73: Date: | G73: 44305

Sheet Calculations
A1: CALCULATION SHEET
A2: PROJECT NAME: BETTERMENT AND RE-GRAVELLING ON ROAD D504 (KM 0+000 TO KM 3+000) IN THE DUNDEE AREA
A3: CONTRACT NO: ZNB00369/00000/00/DUN/INF/21/T
A4: Calculations by: MK MTHETHWA Pr. Techni Engin.
A5: Checked by: Mr N Zulu Pr. Tecni. Engin
A7: ITEM NO | B7: DESCRIPTION | C7: UNIT | D7: CALCULATIONS | E7: FINAL QUANTITY
A8: C1.5 | B8: ACCOMMODATION OF TRAFFIC
A10: C1.5.7 | B10: Temporary traffic control facilities
A12: C1.5.7.1 | B12: Delineators including mounting bases and ballast:
A14: (a) | B14: Single sided, reversible left or right (size indicated) | C14: No
A16: C1.5.7.3 | B16: Flagmen | C16: man-shift | D16: (22 x 3) working days x 2 people | E16: 132.
